 Dungeon Crawl Stone Soup version 0.28.0 (webtiles) character file.

Game seed: 5844682784218944909

1 AmazingTV the Sneak (level 1, -1/10 HPs)
             Began as a Spriggan Brigand on June 25, 2022.
             Frozen to death by an endoplasm (3 damage)
             ... on level 1 of the Dungeon.
             The game lasted 00:01:06 (26 turns).

AmazingTV the Sneak (Spriggan Brigand)                Turns: 26, Time: 00:01:07

Health: -1/10      AC:  3    Str:  7    XL:     1   Next: 16%
Magic:  2/2        EV: 16    Int: 12    God:
Gold:   0          SH:  0    Dex: 16    Spells: 0/0 levels left

rFire   . . .      SeeInvis +   a - +2 dagger
rCold   . . .      Faith    .   (no shield)
rNeg    . . .      Spirit   .   b - +0 robe
rPois   .          Reflect  .   (helmet restricted)
rElec   .          Harm     .   c - +0 cloak
rCorr   .          Rampage  .   (gloves unavailable)
Will    .....                   (boots unavailable)
Stlth   +++.......              (no amulet)
HPRegen 0.03/turn               (no ring)
MPRegen 0.08/turn               (no ring)

@: very quick
A: very small, no large weapons, unfitting armour, see invisible, speed 3
a: no special abilities


You were on level 1 of the Dungeon.
You visited 1 branch of the dungeon, and saw 1 of its levels.

Inventory:

Hand Weapons
 a - a +2 dagger (weapon)
Missiles
 d - 8 poisoned darts (quivered)
 e - 2 curare-tipped darts
Armour
 b - a +0 robe (worn)
 c - a +0 cloak (worn)


   Skills:
 - Level 1.5 Fighting
 + Level 2.2 Short Blades
 + Level 0.1(1.4) Slings
 + Level 2.0 Throwing
 - Level 1.3 Dodging
 + Level 5.8 Stealth


You couldn't memorise any spells.
You didn't know any spells.
Your spell library was empty.

Dungeon Overview and Level Annotations

Branches:
Dungeon (1/15)

Altars:


Innate Abilities, Weirdness & Mutations

You are very small and have problems with some larger weapons.
You are too small for most types of armour.
You have supernaturally acute eyesight. (SInv)
You cover ground extremely quickly. (Speed+++)


Message History

Found 21 bolts.
Found five escape hatches in the floor.
Found a staircase leading out of the dungeon.
A hobgoblin comes into view.
A ball python comes into view.
The hobgoblin shouts!
An endoplasm comes into view.
A ball python comes into view.
The hobgoblin misses you.
You closely miss the hobgoblin. The hobgoblin barely misses you.
The endoplasm quivers.
The ball python hisses angrily.
You hit the endoplasm but do no damage. The hobgoblin barely misses you.
The endoplasm freezes you.
You are frozen.
The hobgoblin barely misses you.
The ball python bites you but does no damage.
The ball python misses you. The ball python bites you.
The ball python grabs you. The ball python constricts you.
You completely miss the ball python.
The ball python bites you but does no damage.
The ball python constricts you.
You hit the ball python.
The ball python is moderately wounded.
The ball python barely misses you. The ball python constricts you.
You closely miss the ball python.
The ball python is moderately wounded.
The ball python closely misses you. The ball python constricts you.
You hit the ball python.
You kill the ball python!
You hit the endoplasm.
The endoplasm is heavily wounded.
The endoplasm freezes you.
You are frozen.
* * * LOW HITPOINT WARNING * * *
You hit the endoplasm.
The endoplasm is severely wounded.
The endoplasm freezes you.
You are frozen.
You die...

# ... ###### #.## #....###
##.#####..##### #....#.#
..........§§§§## #......#
≈≈§≈≈.≈§≈≈§.§§§###....#
≈...§.≈...§.§.§.@Jg...#
≈.≈≈≈.≈≈≈§≈≈§§####......#
.>≈.§§..≈>§...# #....#.#
≈.≈≈§§≈≈≈§≈≈≈.# #....# #
≈..§§.§<..≈.≈.# #......
≈≈≈§≈§§≈≈≈≈.≈............
...§§§......≈..##########.
≈.≈§≈≈≈≈≈.≈≈≈..#
≈.≈.§...≈.≈....#


You could see an endoplasm and a hobgoblin.

Vanquished Creatures
  A ball python (D:1)
1 creature vanquished.

Notes
Turn   | Place    | Note
-------+----------+-------------------------------------------
     0 | D:1      | AmazingTV the Spriggan Brigand began the quest for the Orb.
     0 | D:1      | Reached XP level 1. HP: 10/10 MP: 2/2
    26 | D:1      | Frozen to death by an endoplasm

Illustrated notes

Levels and vault maps discovered:
D:1:      evilmike_arrival_hilbert_curve, layout_basic,
          minmay_misc_feat_hallway, minmay_misc_feat_alley, skrybe_limestone_x,
          st_stairs_5, minmay_rat_gold_closets

Action                   || total
-------------------------++-------
Melee: Dagger            ||     8
Armor: Robe              ||     2
Dodge: Dodged            ||     7
